 Dungeon Crawl Stone Soup version 0.31-a0-188-g5e087ee2ca (webtiles) character file.

Game seed: 1485742326711042435

76 porpoise the Shooter (level 4, -5/27 HPs)
             Began as a Tengu Hunter on June 24, 2023.
             Slain by Sigmund
             ... wielding a +0 scythe
              (6 damage)
             ... on level 3 of the Dungeon.
             The game lasted 00:04:23 (1729 turns).

porpoise the Shooter (Tengu Hunter)                 Turns: 1729, Time: 00:04:24

Health: -5/27      AC:  3    Str: 17    XL:     4   Next: 32%
Magic:  5/5        EV: 12    Int:  9    God:
Gold:   95         SH:  0    Dex: 20    Spells: 3/3 levels left

rFire   . . .        b - +1 dagger (speed)
rCold   . . .        (no shield)
rNeg    . . .        c - +0 leather armour
rPois   .            (helmet restricted)
rElec   .            (no cloak)
rCorr   .            (no gloves)
SInv    .            (boots unavailable)
Will    .....        (no amulet)
Stlth   +            e - +6 ring of strength
HPRegen 0.24/turn    (no ring)
MPRegen 0.09/turn

%: no passive effects
@: confused
A: beak, talons 3
a: no special abilities


You were on level 3 of the Dungeon.
You visited 1 branch of the dungeon, and saw 3 of its levels.

You collected 95 gold pieces.

Inventory:

Hand Weapons
 a - a +0 shortbow
 b - a +1 dagger of speed (weapon)
Missiles
 i - 5 boomerangs
 n - 6 boomerangs of dispersal
Armour
 c - a +0 leather armour (worn)
Magical Staves
 h - a staff of cold
Jewellery
 e - a +6 ring of strength (left hand)
Scrolls
 d - a scroll of noise {unknown}
 f - a scroll of revelation
 j - a scroll of vulnerability {unknown}
 l - a scroll of butterflies
 o - a scroll of blinking {unknown}
Potions
 g - a potion of enlightenment {unknown}
 k - a potion of berserk rage {unknown}
 m - a potion of mutation {unknown}
 p - 2 potions of curing {unknown}


   Skills:
 + Level 2.7 Fighting
 * Level 5.4 Ranged Weapons
 - Level 2.1 Dodging
 + Level 2.2 Stealth


You had 3 spell levels left.
You didn't know any spells.
Your spell library contained the following spells:

 Spells                   Type           Power      Damage    Failure   Level
 Summon Small Mammal      Summ           0%         N/A       45%         1
 Blink                    Tloc           0%         N/A       58%         2
 Lesser Beckoning         Tloc           0%         N/A       58%         2
 Momentum Strike          Conj/Tloc      0%         3d8       58%         2
 Call Canine Familiar     Summ           0%         N/A       83%         3
 Summon Guardian Golem    Hex/Summ       0%         N/A       83%         3
 Vhi's Electric Charge    Tloc/Air       0%         N/A       83%         3
 Arcjolt                  Conj/Air       0%         1d10      100%        5
 Plasma Beam              Fire/Air       0%         2x1d10    100%        6
 Orb of Destruction       Conj           0%         9d5       100%        7
 Spellforged Servitor     Conj/Summ      0%         N/A       100%        7


Dungeon Overview and Level Annotations

Branches:
Dungeon (3/15)

Altars:

Annotations:
D:3 Grinder, Sigmund


Innate Abilities, Weirdness & Mutations

You have a beak for a mouth.
You have claws for feet.


Message History

(D) Dungeon
Where to? (Enter - D:2, ? - help)
There is an open door here.
There is a stone staircase leading down here.
You climb downwards.
Found 13 gold pieces.
There is a stone staircase leading up here.
Okay, then.
Unknown command.
Okay, then.
Sigmund the Dreaded comes into view.
He is wielding a +0 scythe.
Your hands tingle!
b - a +1 dagger of speed (weapon)
Sigmund shouts!
You hear a shout!
Grinder comes into view.
Grinder shouts!
Grinder blinks!
Sigmund hits you with a +0 scythe.
Grinder moves out of view.
You completely miss Sigmund. Your kick misses Sigmund.
You closely miss Sigmund. You claw Sigmund.
Sigmund is lightly wounded.
Sigmund barely misses you.
You hit Sigmund but do no damage. You claw Sigmund.
Sigmund is moderately wounded.
You hit Sigmund.
Sigmund is heavily wounded.
Sigmund gestures wildly while chanting.
Sigmund flickers and vanishes!
Deactivating autopickup; reactivate with Ctrl-A.
You miss something. You hit something. You claw something!
You hear some strange, mumbled words.
You are confused.
Something hits you!
Grinder blinks!
Something hits you!
* * * LOW HITPOINT WARNING * * *
You bump into the rock wall.
Something hits you.
* * * LOW HITPOINT WARNING * * *
Something barely misses you. Something hits you.
You die...

#.#.# .#
#.#.###.##
####.#.....$
....#.##..##
#....#....
#....#..#
#....#..#######
#............
#.<#{@#######
####.........
...........
##..5#######
....# ##...#
#...# #...#


You could see Grinder.

Vanquished Creatures
  Robin (D:2)
  An adder (D:2)
  A dart slug (D:2)
  5 bats
  3 endoplasms
  11 goblins (D:2)
  8 hobgoblins
  4 jackals (D:1)
  2 quokkas
  4 ball pythons
  3 frilled lizards
  6 rats
49 creatures vanquished.

Notes
Turn   | Place    | Note
-------+----------+-------------------------------------------
     0 | D:1      | porpoise the Tengu Hunter began the quest for the Orb.
     0 | D:1      | Reached XP level 1. HP: 12/12 MP: 2/2
   282 | D:1      | Reached XP level 2. HP: 14/17 MP: 3/3
   599 | D:1      | Reached XP level 3. HP: 22/22 MP: 4/4
   736 | D:1      | Reached skill level 5 in Ranged Weapons
  1242 | D:2      | Noticed Robin
  1257 | D:2      | Killed Robin
  1258 | D:2      | Reached XP level 4. HP: 17/27 MP: 5/5
  1715 | D:3      | Noticed Sigmund
  1717 | D:3      | Noticed Grinder
  1726 | D:3      | HP: 1/27 [something (5)]
  1729 | D:3      | Slain by Sigmund

Illustrated notes

Levels and vault maps discovered:
D:1:      heliophobic_arrival_enchanted_forest, layout_loops_ring
D:2:      layout_loops_corners, uniq_robin
D:3:      layout_basic, uniq_grinder, uniq_sigmund

Skill      XL: |  1  2  3 |
---------------+----------+-----
Ranged Weapons | 5 |  5.4
Stealth        | 2 |  2.2
Fighting       | |  2.7
Dodging        | |  2.1

Action                     |  1- 3 |  4- 6 || total
---------------------------+-------+-------++-------
  Melee: Dagger            |    14 |     8 ||    22
         Kick              |     7 |     3 ||    10
         Peck              |     1 |       ||     1
   Fire: Shortbow          |    82 |    18 ||   100
    Use: Scroll            |     1 |       ||     1
 Armour: Leather armour    |    15 |       ||    15
  Dodge: Dodged            |    25 |     5 ||    30

Table legend: (Time is in decaauts)
 A = Elapsed time spent in this place.
 B = Non-inter-level travel time spent in this place.
 C = Inter-level travel time spent in this place.
 D = Time resting spent in this place.
 E = Time spent auto-exploring this place.
 F = Levels seen in this place.
 G = Mean time per level.
                   A        B        C        D        E       F      G
               +--------+--------+--------+--------+--------+-----+--------+
         Total |   1735 |   1690 |     45 |    177 |   1277 |   3 |  578.3 |
       Dungeon |   1735 |   1690 |     45 |    177 |   1277 |   3 |  578.3 |
               +--------+--------+--------+--------+--------+-----+--------+

Top non-repeatable levels by time:
     D:2: 931 daAuts
     D:1: 791 daAuts
     D:3: 12 daAuts
